 Dungeon Crawl Stone Soup version 0.31-a0-210-gccc998df9b (webtiles) character file.

Game seed: 10162536978731166094

1031 qw the Chopper (level 8, -2/49 HPs)
             Began as a Gargoyle Fighter on June 29, 2023.
             Was an Initiate of Okawaru.
             Slain by a cyan ugly thing (4 damage)
             ... on level 6 of the Dungeon.
             The game lasted 00:02:53 (4913 turns).

qw the Chopper (Gargoyle Fighter)                   Turns: 4913, Time: 00:02:53

Health: -2/49      AC: 19    Str: 22    XL:     8   Next: 23%
Magic:  6/8        EV: 10    Int:  9    God:    Okawaru [......]
Gold:   313        SH:  5    Dex:  9    Spells: 7/7 levels left

rFire   . . .        Y - +1 war axe
rCold   . . .        c - +0 buckler
rNeg    + . .        h - +0 chain mail
rPois   inf          j - +0 helmet
rElec   +            (no cloak)
rCorr   .            i - +0 pair of gloves
SInv    .            (no boots)
Will    .....        (no amulet) Stlth
                     (no ring)
HPRegen 0.28/turn    (no ring)
MPRegen 0.11/turn

%: no passive effects
@: about to teleport, heroic
A: sickness immunity, AC +5, negative energy resistance 1, electricity
resistance, torment resistance 1, petrification resistance
a: Renounce Religion


You were on level 6 of the Dungeon.
You worshipped Okawaru.
Okawaru was noncommittal.
You visited 2 branches of the dungeon, and saw 7 of its levels.

You collected 313 gold pieces.


Innate Abilities, Weirdness & Mutations

You are immune to sickness and miasma.
Your stone body is resilient. (AC +5)
You are immune to poison.
You resist negative energy. (rN+)
You are resistant to electric shocks. (rElec)
You are resistant to unholy torment.
You are immune to petrification.


   Skills:
 - Level 5.2(10.2) Fighting
 + Level 7.8(12.8) Axes
 - Level 3.2(8.2) Armour
 - Level 1.0(6.0) Dodging
 - Level 3.2(8.2) Shields
 - Level 1.0 Invocations


You had 7 spell levels left.
You didn't know any spells.
Your spell library was empty.

Inventory:

Hand Weapons
 n - a +0 morningstar
 Y - a +1 war axe (weapon)
Armour
 c - a +0 buckler (worn)
 h - a +0 chain mail (worn)
 i - a +0 pair of gloves (worn)
 j - a +0 helmet (worn)
Jewellery
 k - a ring of ice
 l - a ring of resist corrosion
 r - a ring of positive energy
Wands
 q - a wand of digging (9)
Scrolls
 a - 2 scrolls of identify
 m - a scroll of teleportation
 o - a scroll of vulnerability {unknown}
 p - a scroll of fog {unknown}
Potions
 b - a potion of enlightenment {unknown}
 d - 2 potions of might
 e - 3 potions of heal wounds
 f - a potion of lignification
 g - a potion of mutation

Dungeon Overview and Level Annotations

Branches:
Dungeon (6/15)             Temple (1/1) D:4

Altars:
Ashenzari
Cheibriados
Dithmenos
Elyvilon
Fedhas
Gozag
Hepliaklqana
Kikubaaqudgha
Makhleb
Nemelex Xobeh
Okawaru
Qazlal
Ru
Uskayaw
Vehumet
Wu Jian
Xom
Yredelemnul
The Shining One

Annotations:
D:4 exclusion: goblin
D:5 1 transporter, qw's ghost, amateur DEHu


Message History

You open the door.
A bullfrog, a cyan ugly thing, an iguana and a hound come into view.
The bullfrog croaks.
The iguana hisses angrily.
The hound barks!
Found a scroll of identify.
Enter note:
Enter note: You slash the cyan ugly thing!
The cyan ugly thing is lightly wounded.
You barely miss the cyan ugly thing.
The cyan ugly thing is lightly wounded.
The cyan ugly thing stings you but does no damage. x2
You barely miss the cyan ugly thing.
The cyan ugly thing is lightly wounded.
The cyan ugly thing stings you. The cyan ugly thing shocks you. You resist.
You barely miss the cyan ugly thing.
The cyan ugly thing is lightly wounded.
The cyan ugly thing stings you. The cyan ugly thing shocks you. You resist.
4907 ||| INVOKING Heroism.
You gain the combat prowess of a mighty hero.
You can no longer gain great but temporary skills.
The cyan ugly thing stings you. The cyan ugly thing shocks you. You resist.
You slice the cyan ugly thing!!
The cyan ugly thing is moderately wounded.
The cyan ugly thing stings you but does no damage.
You barely miss the cyan ugly thing.
The cyan ugly thing is moderately wounded.
The cyan ugly thing stings you! The cyan ugly thing shocks you. You resist.
You slash the cyan ugly thing!
The cyan ugly thing is severely wounded.
The cyan ugly thing stings you but does no damage.
You slash the cyan ugly thing!
The cyan ugly thing is severely wounded.
You slash the cyan ugly thing!
The cyan ugly thing is almost dead.
The cyan ugly thing stings you! The cyan ugly thing shocks you. You resist.
4913 ||| READING 2 scrolls of teleportation.
As you read the scroll of teleportation, it crumbles to dust.
You feel strangely unstable. The cyan ugly thing stings you.
You die...

..............#.....#..# .... #.
###.....####.#.#....... .....#.#
##...## #.#.#....... #....#.#
##.## #.#.+.....[. #....#.## #.#
##.###......) . ........## +#.#+
##..##........ ..
#......###...###...##........
...##..........8.................
...........###..@###...#.........
..........## +#.#uh##..##........
.........## #.#lF.##.##........
......##.# ##.##...#.##.#####.#
..... #.# ##...##.?#.##.# #.#
......##.####.....####.##.#####.#
.......................##.#......
......#....####.#########.#.###.#
..... ####...##.####......#.....#


You could see a cyan ugly thing, a bullfrog, an iguana and a hound.

Vanquished Creatures
  Grinder (D:3)
  Eustachio (D:4)
  A bullfrog (D:5)
  A gnoll sergeant (D:5)
  2 scorpions (D:5)
  3 hounds
  A sleepcap (D:5)
  2 iguanas (D:5)
  4 adders
  8 gnolls (D:5)
  A shadow imp (D:5)
  An ufetubus (D:5)
  7 worms
  4 dart slugs
  11 orcs
  6 ball pythons
  9 endoplasms
  3 giant cockroaches
  13 goblins
  13 hobgoblins
  17 kobolds
  7 quokkas
  10 bats
  2 frilled lizards
  4 rats
132 creatures vanquished.

Notes
Turn   | Place    | Note
-------+----------+-------------------------------------------
     0 | D:1      | qw the Gargoyle Fighter began the quest for the Orb.
     0 | D:1      | Reached XP level 1. HP: 14/14 MP: 1/1
     0 | D:1      | 0 ||| qw: Version: 0.3-a-24-ga2abf7b
     0 | D:1      | 0 ||| qw: Game counter: 7042
     0 | D:1      | 0 ||| qw: Melee chars always use a shield: true
     0 | D:1      | 0 ||| qw: God list: Okawaru
     0 | D:1      | 0 ||| qw: Allow faded altars: false
     0 | D:1      | 0 ||| qw: Do Orc after clearing Dungeon:15 true
     0 | D:1      | 0 ||| qw: Do second Lair branch before Depths: true
     0 | D:1      | 0 ||| qw: Lair rune preference: random
     0 | D:1      | 0 ||| qw: Goals: Normal, Zot:1-4, Slime:5, God:TSO, Crypt,
                  | Tomb, Abyss, Pan, Hells, Win
     0 | D:1      | 0 ||| PLANNING D:1-11
    31 | D:1      | Reached skill level 2 in Axes
   108 | D:1      | 108 ||| Stepping ~*~*~tactically~*~*~ (stealth).
   110 | D:1      | 110 ||| Stepping ~*~*~tactically~*~*~ (stealth).
   114 | D:1      | 114 ||| Stepping ~*~*~tactically~*~*~ (stealth).
   119 | D:1      | 119 ||| Stepping ~*~*~tactically~*~*~ (stealth).
   153 | D:1      | 153 ||| DROPPING +0 club.
   169 | D:1      | Reached XP level 2. HP: 19/19 MP: 2/2
   182 | D:1      | You fall into a shaft and drop 1 floor!
   229 | D:2      | 229 ||| Stepping ~*~*~tactically~*~*~ (stealth).
   232 | D:2      | 232 ||| Stepping ~*~*~tactically~*~*~ (stealth).
   237 | D:2      | 237 ||| Stepping ~*~*~tactically~*~*~ (stealth).
   254 | D:2      | 254 ||| Stepping ~*~*~tactically~*~*~ (hiding).
   399 | D:2      | 399 ||| Stepping ~*~*~tactically~*~*~ (stealth).
   403 | D:2      | 403 ||| Stepping ~*~*~tactically~*~*~ (stealth).
   424 | D:2      | Reached skill level 3 in Axes
   424 | D:2      | Reached XP level 3. HP: 21/23 MP: 3/3
   476 | D:2      | 476 ||| FLEEEEING.
   477 | D:2      | 477 ||| FLEEEEING.
   478 | D:2      | 478 ||| FLEEEEING.
   479 | D:2      | 479 ||| STAIRDANCE
   589 | D:1      | 589 ||| Stepping ~*~*~tactically~*~*~ (stealth).
   982 | D:1      | 982 ||| READING 2 scrolls labelled UQYICSULIE.
  1000 | D:2      | 1000 ||| STAIRDANCE
  1014 | D:2      | 1014 ||| STAIRDANCE
  1018 | D:1      | Reached XP level 4. HP: 25/28 MP: 4/4
  1091 | D:2      | Reached skill level 4 in Axes
  1095 | D:2      | Found a broken altar of Ashenzari.
  1148 | D:2      | 1148 ||| Stepping ~*~*~tactically~*~*~ (stealth).
  1150 | D:2      | 1150 ||| Stepping ~*~*~tactically~*~*~ (hiding).
  1381 | D:2      | 1381 ||| READING scroll labelled TAEHEO DELENYUPH.
  1382 | D:2      | 1382 ||| READING scroll labelled PYXTEAN PAMNEO.
  1383 | D:2      | 1383 ||| READING scroll labelled SOSHRE VEMEAMP.
  1387 | D:2      | 1387 ||| READING 3 scrolls of identify.
  1387 | D:2      | 1387 ||| IDENTIFYING fuming grey potion
  1388 | D:2      | 1388 ||| READING 2 scrolls of identify.
  1388 | D:2      | 1388 ||| IDENTIFYING bubbling green potion
  1389 | D:2      | 1389 ||| DROPPING potion of invisibility.
  1418 | D:3      | Noticed Grinder
  1420 | D:3      | 1420 ||| Stepping ~*~*~tactically~*~*~ (hiding).
  1432 | D:3      | Killed Grinder
  1433 | D:3      | Reached skill level 5 in Axes
  1433 | D:3      | Reached XP level 5. HP: 26/32 MP: 5/5
  1433 | D:3      | Reached XP level 6. HP: 30/37 MP: 6/6
  1565 | D:3      | Identified the +0 ring mail of Restlessness {*Corrode Fly
                  | rElec Dex-2}
  1628 | D:3      | 1628 ||| Stepping ~*~*~tactically~*~*~ (hiding).
  1630 | D:3      | 1630 ||| Stepping ~*~*~tactically~*~*~ (hiding).
  1631 | D:3      | 1631 ||| Stepping ~*~*~tactically~*~*~ (hiding).
  1633 | D:3      | 1633 ||| Stepping ~*~*~tactically~*~*~ (hiding).
  1634 | D:3      | 1634 ||| Stepping ~*~*~tactically~*~*~ (hiding).
  1804 | D:3      | Found a faded altar of an unknown god.
  1810 | D:3      | 1810 ||| UPGRADING to +0 chain mail.
  1820 | D:3      | 1820 ||| DROPPING +0 scale mail.
  1821 | D:3      | 1821 ||| DROPPING +0 ring mail of Restlessness {*Corrode
                  | Fly rElec Dex-2}.
  1822 | D:3      | 1822 ||| READING scroll labelled JABBOA TUCLA.
  1953 | D:3      | 1953 ||| DROPPING +0 whip.
  1970 | D:3      | 1970 ||| Stepping ~*~*~tactically~*~*~ (stealth).
  2214 | D:3      | 2214 ||| UPGRADING to +0 pair of gloves.
  2219 | D:3      | 2219 ||| READING 2 scrolls labelled ZYORUD BABLECS.
  2220 | D:3      | 2220 ||| READING 2 scrolls of identify.
  2220 | D:3      | 2220 ||| IDENTIFYING orange potion
  2221 | D:3      | 2221 ||| DROPPING scroll of summoning.
  2236 | D:4      | 2236 ||| STAIRDANCE
  2348 | D:4      | Reached skill level 6 in Axes
  2403 | D:4      | Identified the +2 falchion of the Bear {heavy, Int+4}
  2536 | D:4      | Found a staircase to the Ecumenical Temple.
  2537 | D:4      | 2537 ||| PLANNING TEMPLE
  2545 | Temple   | Entered the Ecumenical Temple
  2546 | Temple   | 2546 ||| PLANNING OKAWARU WORSHIP
  2629 | Temple   | Became a worshipper of Warmaster Okawaru
  2630 | Temple   | 2630 ||| PLANNING D:1-11
  2715 | D:4      | Found an ancient bone altar of Kikubaaqudgha.
  2752 | D:4      | Reached skill level 1 in Dodging
  2961 | D:4      | 2961 ||| Stepping ~*~*~tactically~*~*~ (stealth).
  2963 | D:4      | 2963 ||| Stepping ~*~*~tactically~*~*~ (stealth).
  2980 | D:4      | 2980 ||| Stepping ~*~*~tactically~*~*~ (stealth).
  3001 | D:4      | 3001 ||| READING scroll labelled ASOSUC SIAHAZI.
  3147 | D:4      | Noticed Eustachio
  3153 | D:4      | 3153 ||| FLEEEEING.
  3154 | D:4      | 3154 ||| FLEEEEING.
  3155 | D:4      | 3155 ||| FLEEEEING.
  3156 | D:4      | 3156 ||| FLEEEEING.
  3157 | D:4      | 3157 ||| FLEEEEING.
  3158 | D:4      | 3158 ||| FLEEEEING.
  3159 | D:4      | 3159 ||| FLEEEEING.
  3160 | D:4      | 3160 ||| FLEEEEING.
  3164 | D:4      | Killed Eustachio
  3165 | D:4      | Reached XP level 7. HP: 30/43 MP: 7/7
  3293 | D:4      | 3293 ||| READING scroll labelled XAOSUAS SAWIRPH.
  3294 | D:4      | 3294 ||| READING 4 scrolls of identify.
  3294 | D:4      | 3294 ||| IDENTIFYING fizzy purple potion
  3295 | D:4      | 3295 ||| READING 3 scrolls of identify.
  3295 | D:4      | 3295 ||| IDENTIFYING green potion
  3296 | D:4      | 3296 ||| DROPPING potion of brilliance.
  3322 | D:5      | Entered Level 5 of the Dungeon
  3366 | D:5      | Noticed qw's ghost (amateur DEHu)
  3368 | D:5      | Found a transporter.
  3427 | D:5      | HP: 10/43 [gnoll/+0 halberd[a gnoll sergeant] (11)]
  3428 | D:5      | 3428 ||| DRINKING 2 potions of heal wounds.
  3439 | D:5      | Reached skill level 7 in Axes
  3602 | D:5      | Reached * piety under Okawaru
  3758 | D:5      | 3758 ||| Stepping ~*~*~tactically~*~*~ (stealth).
  3760 | D:5      | 3760 ||| Stepping ~*~*~tactically~*~*~ (hiding).
  3778 | D:5      | 3778 ||| INVOKING Heroism.
  3785 | D:5      | Reached XP level 8. HP: 31/49 MP: 5/8
  3977 | D:5      | 3977 ||| Stepping ~*~*~tactically~*~*~ (stealth).
  3986 | D:5      | 3986 ||| INVOKING Heroism.
  4029 | D:5      | 4029 ||| FLEEEEING.
  4092 | D:5      | 4092 ||| DROPPING +0 flail.
  4097 | D:5      | 4097 ||| Stepping ~*~*~tactically~*~*~ (hiding).
  4581 | D:5      | Reached skill level 1 in Invocations
  4581 | D:5      | 4581 ||| UPGRADING to +0 helmet.
  4586 | D:5      | 4586 ||| READING scroll labelled BYESYFRUIPP.
  4587 | D:5      | 4587 ||| READING scroll labelled CESHRU CIEMA.
  4732 | D:6      | Identified the +1 robe of Gehenna {+Inv rF+}
  4902 | D:6      | Noticed a cyan ugly thing
  4907 | D:6      | 4907 ||| INVOKING Heroism.
  4912 | D:6      | HP: 6/49 [cyan ugly thing (11)]
  4912 | D:6      | HP: 2/49 [cyan ugly thing (4)]
  4913 | D:6      | 4913 ||| READING 2 scrolls of teleportation.
  4913 | D:6      | Slain by a cyan ugly thing

Levels and vault maps discovered:
D:1:      lemuel_arrival_muddy, layout_loops_ring, minmay_misc_feat_room
D:2:      cheibrodos_helix_gallery, layout_rooms, basic_altar, st_stairs_2
D:3:      layout_rooms, nicolae_ecumenical_lake_church, serial_bayou_pond_b,
          uniq_grinder
D:4:      corexii_shack_village, layout_gridville,
          nicolae_kikubaaqudgha_miasma_corner, minmay_temple_entry_butterflies,
          minmay_misc_feat_rugged, minmay_goblin_outpost, uniq_eustachio
D:5:      layout_basic, gammafunk_ghost_smash
D:6:      cheibrodos_barr_body, layout_basic, bloody_trog
Temple:   dpeg_three_leaves_temple

Skill      XL: |  1  2  3  4  5  6  7  8 |
---------------+-------------------------+-----
Axes           | 2 3 5 6 7 |  7.8
Fighting       | 4 5 |  5.2
Dodging        | 1 |  1.0
Invocations    | 1 |  1.0
Armour         | |  3.2
Shields        | |  3.2

Action                     |  1- 3 |  4- 6 |  7- 9 || total
---------------------------+-------+-------+-------++-------
  Melee: War axe           |   110 |   204 |   134 ||   448
 Invoke: Heroism           |       |       |     3 ||     3
    Use: Scroll            |     1 |     9 |     6 ||    16
         Potion            |       |       |     1 ||     1
 Armour: Scale mail        |    42 |    40 |       ||    82
         Chain mail        |       |    70 |    76 ||   146
  Dodge: Dodged            |    58 |    75 |    60 ||   193
  Block: Buckler           |    22 |    34 |    41 ||    97

Table legend:
 A = Non-vault XP
 B = Vault XP
 C = Vault XP percentage of total XP
 D = Non-vault monster count
 E = Vault monster count
 F = Vault count percentage of total count
                 A         B        C        D         E       F
            +---------+---------+-------+---------+---------+-------
      Total |     900 |     573 |  38.9 |      98 |      34 |  25.8
            +---------+---------+-------+---------+---------+-------
        D:1 |      45 |       0 |   0.0 |      22 |       0 |   0.0
        D:2 |      55 |      13 |  19.1 |      18 |       4 |  18.2
        D:3 |      50 |     335 |  87.0 |      17 |       7 |  29.2
        D:4 |      64 |     225 |  77.9 |      13 |      23 |  63.9
        D:5 |     686 |       0 |   0.0 |      28 |       0 |   0.0
            +---------+---------+-------+---------+---------+-------
